 Dungeon Crawl Stone Soup version 0.19.1 (webtiles) character file.

12454 ImaNewbie the Artisan of Death (level 11, 0/72 HPs)
             Began as a Demonspawn Wanderer on Dec 23, 2016.
             Was a Priest of Kikubaaqudgha.
             Slain by a komodo dragon (11 damage)
             ... on level 2 of the Lair of Beasts on Dec 25, 2016.
             The game lasted 01:55:40 (18702 turns).

ImaNewbie the Artisan of Death (DsWn)              Turns: 18702, Time: 01:55:41

Health: 0/72       AC: 14    Str: 13    XL:     11   Next: 62%
Magic:  0/33       EV: 10    Int: 23    God:    Kikubaaqudgha [***...]
Gold:   601        SH:  8    Dex: 14    Spells: 9 memorised, 0 levels left

rFire  + + .     SeeInvis .     M - +3 falchion of Ceotorgh {freeze, *Contam rF+ Int+6 Dex+2}
rCold  . . .     Gourm    .     S - +2 robe {rF+}
rNeg   . . .     Faith    .     k - +1 buckler
rPois  .         Spirit   +     (helmet unavailable)
rElec  .         Reflect  +     v - +1 cloak
rCorr  .         Harm     .     L - +0 pair of gloves
MR     .....     Clarity  +     q - +0 pair of boots
Stlth  ++........               a - +4 amulet of reflection
                                E - ring of wizardry
                                u - ring of magical power

@: sanguine armour, regenerating, drained
A: hooves 2, horns 3, clarity, frail 1, high mp 1, sense surroundings 1, magic
shield, magic regeneration, sanguine armour 1
a: Receive Corpses, Renounce Religion


You were on level 2 of the Lair of Beasts.
You worshipped Kikubaaqudgha.
Kikubaaqudgha was most pleased with you.
You were not hungry.

You visited 3 branches of the dungeon, and saw 12 of its levels.
You also visited: Sewer.

You collected 601 gold pieces.

Inventory:

Hand Weapons
 t - a +2 dagger of venom
 M - the +3 falchion of Ceotorgh (weapon) {freeze, *Contam rF+ Int+6 Dex+2}
   (You found it on level 8 of the Dungeon)

   It has been specially enchanted to freeze those struck by it, causing extra
   injury to most foes and up to half again as much damage against particularly
   susceptible opponents.
   It can also slow down cold-blooded creatures.
   It affects your intelligence (+6).
   It affects your dexterity (+2).
   It protects you from fire.
   It causes magical contamination when unequipped.
Missiles
 J - 29 poisoned needles
Armour
 k - a +1 buckler (worn)
 q - a +0 pair of boots (worn)
 v - a +1 cloak (worn)
 L - a +0 pair of gloves (worn)
 R - a +0 cloak of magic resistance
 S - a +2 robe of fire resistance (worn)
Jewellery
 a - a +4 amulet of reflection (around neck)
 u - a ring of magical power (left hand)
 E - a ring of wizardry (right hand)
 K - an uncursed amulet of rage {unknown}
 O - an uncursed amulet of magic regeneration
 U - an uncursed ring of fire
Wands
 X - a wand of lightning (4/15)
Scrolls
 i - 3 scrolls of enchant armour
 l - 3 scrolls of remove curse
 n - 8 scrolls of teleportation
 s - 4 scrolls of immolation
 y - 5 scrolls of magic mapping
 C - 2 scrolls of blinking
 H - 4 scrolls of amnesia
Potions
 b - a potion of invisibility
 f - 5 potions of curing
 h - a potion of heal wounds
 m - 4 potions of might
 o - a potion of cure mutation
 p - 2 potions of berserk rage
 x - 4 potions of ambrosia
 z - 3 potions of magic
 A - 3 potions of haste
 B - a potion of agility
 F - 2 potions of flight
 G - 2 potions of resistance
 N - a potion of lignification
 V - a potion of brilliance
Books
 c - the Guide on Dark Secrets

   Spells                             Type                      Level
   a - Pain                           Necromancy                   1
   b - Regeneration                   Charms/Necromancy            3
 e - a book of Geomancy

   Spells                             Type                      Level
   a - Sandblast                      Earth                        1
   b - Passwall                       Transmutation/Earth          2
   c - Stone Arrow                    Conjuration/Earth            3
   d - Petrify                        Transmutation/Earth          4
   e - Lee's Rapid Deconstruction     Earth                        5
 w - a book of Changes

   Spells                             Type                      Level
   a - Beastly Appendage              Transmutation                1
   b - Sticks to Snakes               Transmutation                2
   c - Spider Form                    Transmutation/Poison         3
   d - Ice Form                       Ice/Transmutation            4
   e - Blade Hands                    Transmutation                5
 D - Kikubaaqudgha's Guide on Dark Magic
   (Kikubaaqudgha gifted it to you on level 8 of the Dungeon)

   Spells                             Type                      Level
   a - Pain                           Necromancy                   1
   b - Corpse Rot                     Necromancy                   2
   c - Sublimation of Blood           Necromancy                   2
   d - Vampiric Draining              Necromancy                   3
   e - Control Undead                 Necromancy                   4
 Q - Sif Muna's Catalogue of Moulding

   Spells                             Type                      Level
   a - Beastly Appendage              Transmutation                1
   b - Ignite Poison                  Fire/Transmutation/Poison    3
 T - a book of Misfortune

   Spells                             Type                      Level
   a - Confusing Touch                Hexes                        1
   b - Confuse                        Hexes                        3
   c - Gell's Gravitas                Hexes/Translocation          3
   d - Petrify                        Transmutation/Earth          4
   e - Metabolic Englaciation         Hexes/Ice                    5
   f - Yara's Violent Unravelling     Hexes/Transmutation          5
 W - Kikubaaqudgha's Disquisition on Black Arts
   (Kikubaaqudgha gifted it to you on level 1 of the Lair of Beasts)

   Spells                             Type                      Level
   a - Animate Dead                   Necromancy                   4
   b - Excruciating Wounds            Charms/Necromancy            5
   c - Agony                          Necromancy                   5
   d - Dispel Undead                  Necromancy                   5
   e - Simulacrum                     Ice/Necromancy               6
Comestibles
 d - 2 meat rations
 g - 13 bread rations
 j - 3 royal jellies
 r - 3 chunks of flesh
 I - 28 fruits
 P - a beef jerky


   Skills:
 - Level 6.0(5.6) Fighting
   Level 1.0(0.7) Crossbows
 - Level 1.0(0.7) Throwing
 - Level 1.0(0.7) Armour
 - Level 1.0(0.7) Stealth
 - Level 7.3(6.9) Spellcasting
 - Level 5.0(4.6) Hexes
 - Level 3.1(2.8) Charms
 - Level 9.8(9.4) Necromancy
 - Level 5.2(4.9) Translocations
 - Level 7.0(6.6) Transmutations
 - Level 1.2(0.9) Ice Magic
 + Level 6.5(6.1) Earth Magic


You couldn't memorise any spells.
You knew the following spells:

 Your Spells              Type           Power        Failure   Level  Hunger
a - Pain                  Necr           ####         1%          1    None
b - Beastly Appendage     Tmut           #####.       1%          1    None
c - Regeneration          Chrm/Necr      #####.....   1%          3    None
d - Vampiric Draining     Necr           ######....   1%          3    None
e - Gell's Gravitas       Hex/Tloc       ####......   2%          3    None
f - Corpse Rot            Necr           N/A          1%          2    None
g - Petrify               Tmut/Erth      #####...     4%          4    ###....
h - Ice Form              Ice/Tmut       ####....     12%         4    ###....
i - Stone Arrow           Conj/Erth      ###...       6%          3    None


Dungeon Overview and Level Annotations

Branches:
Dungeon (9/15)             Temple (1/1) D:7            Lair (2/6) D:8
  Snake (0/4) Lair:2          Orc (0/2) D:9
  Swamp: Lair:2-4    Shoals: Lair:2-4

Altars:
Ashenzari
Cheibriados
Dithmenos
Elyvilon
Fedhas
Gozag
Hepliaklqana
Kikubaaqudgha
Makhleb
Nemelex Xobeh
Okawaru
Qazlal
Ru
Sif Muna
Trog
Uskayaw
Vehumet
Xom
Yredelemnul
Zin
The Shining One

Shops:
D:2 *   D:8 %   D:9 [

Annotations:
D:7 exclusion: downstairs
D:8 smzp's ghost, novice NaTm
Lair:2 Nergalle


Innate Abilities, Weirdness & Mutations

You have a pair of large horns on your head.
When hurt, damage is shared between your health and your magic reserves.
You regenerate magic rapidly.
When seriously injured, your bleeding wounds create armour. (AC +6)
You have hoof-like feet.
You possess an exceptional clarity of mind.
You are frail. (-10% HP)
You have an increased reservoir of magic. (+10% MP)
You passively map a small area around you.


Message History

The komodo dragon bites you!!
* * * LOW HITPOINT WARNING * * *
Casting: Stone Arrow
Confirm with . or Enter, or press ? or * to list all spells.
Your skin crawls.
The komodo dragon bites you!
* * * LOW HITPOINT WARNING * * *
Casting: Regeneration
Confirm with . or Enter, or press ? or * to list all spells.
You don't have enough magic to cast that spell.
You are confused.
You feel invigorated. The komodo dragon barely misses you.
The komodo dragon bites you!!
* * * LOW HITPOINT WARNING * * *
You barely miss the komodo dragon. You headbutt the komodo dragon.
The komodo dragon is lightly wounded.
You feel less invigorated.
You feel less confused. The komodo dragon bites you!!
You die...
Kikubaaqudgha rasps: "You have failed me!
Welcome... death!"

## #.###.###PP######P#
P########.......@.........##
.#.##..#.......l.####...#..##
.................#
####....#####
.#..##>#.#.#.#.#.# #.........
.#..#..............
#.######..
##...#.#.#.#.#.#.... ### ##..
####..)............. #...
..#.#.#.#.#.#.#..#..* ##.#
#..##............. ...# #.#
#(o. #.#.#.#.#.#. .... #.#
...# , ... ..... #.># ##.#
#..# * #.*.#.#..##..## ##...
#..##, , .......#...P# #.#.#
....#* #.#.#.#...#...## ###..
...# ,.............#...# #..
#..# #.#.#.#.#.#..).....# #.#


You could see a komodo dragon.

Vanquished Creatures
  A hydra (Lair:2)
  Pikel (D:5)
  Maurice (D:8)
  A black mamba (Lair:1)
  Psyche (D:8)
  The ghost of zeroDi the Covert, a novice VSAs of Okawaru (D:6)
  7 spiny frogs
  3 komodo dragons
  A troll (D:9)
  A hippogriff (Lair:1)
  A blink frog (Lair:1)
  4 slime creatures
  A wyvern (D:8)
  The ghost of Tagedieb the Sneak, an amateur OpEn (D:3)
  4 water moccasins
  Duvessa (D:7)
  5 porcupines (Lair:1)
  3 orc warriors
  2 black bears
  3 sky beasts
  Purgy (Sewer)
  An ice beast (D:8)
  2 eyes of draining
  4 slaves
  A phantom (D:9)
  2 centaurs
  4 ogres
  5 crocodiles
  A big kobold (D:9)
  9 bullfrogs
  Dowan (D:7)
  2 scorpions
  A water moccasin skeleton (D:8)
  4 wights
  5 killer bees (D:9)
  3 howler monkeys
  3 crimson imps
  2 bullfrog zombies
  A quasit (D:9)
  A centaur zombie (D:5)
  2 hounds
  5 orc priests
  2 bullfrog skeletons
  2 iguanas
  9 orc wizards
  3 worker ants
  A killer bee zombie (D:8)
  A hound zombie (D:5)
  2 hound skeletons
  A worker ant zombie (D:6)
  A howler monkey zombie (D:9)
  13 adders
  4 shadow imps
  2 oozes
  An adder zombie (D:5)
  2 worms
  4 adder skeletons
  A dart slug (D:2)
  6 leopard geckos
  34 orcs
  12 giant cockroaches
  14 goblins
  6 hobgoblins
  9 jackals
  3 quokkas
  6 bats
  9 frilled lizards
  A jackal skeleton (D:4)
  3 kobolds (D:2)
  A quokka zombie (D:5)
  9 rats
265 creatures vanquished.

Vanquished Creatures (others)
  26 fungi
  2 plants (D:8)
28 creatures vanquished.

Grand Total: 293 creatures vanquished

Notes
Turn   | Place    | Note
-------+----------+-------------------------------------------
     0 | D:1      | ImaNewbie the Demonspawn Wanderer began the quest for the Orb.
     0 | D:1      | ImaNewbie set off with: a +2 dagger, the Guide on Dark Secrets, Sif Muna's Catalogue of Moulding, a +0 robe, a bread ration, a potion of heal wounds
     0 | D:1      | Reached XP level 1. HP: 15/15 MP: 4/4
     0 | D:1      | Identified the Guide on Dark Secrets
     0 | D:1      | Identified Sif Muna's Catalogue of Moulding
     2 | D:1      | Learned a level 1 spell: Pain
     4 | D:1      | Learned a level 1 spell: Beastly Appendage
   148 | D:1      | Reached skill level 1 in Necromancy
   254 | D:1      | Gained mutation: You have a pair of small horns on your head. [demonic ancestry]
   254 | D:1      | Reached XP level 2. HP: 21/21 MP: 6/6
   295 | D:1      | Reached skill level 2 in Necromancy
   651 | D:1      | Gained mutation: When seriously injured, your bleeding wounds create armour. (AC +6) [demonic ancestry]
   651 | D:1      | Reached XP level 3. HP: 17/26 MP: 7/7
   812 | D:1      | Reached skill level 3 in Necromancy
  1309 | D:2      | Found a white marble altar of Elyvilon.
  1587 | D:2      | Reached skill level 4 in Necromancy
  1615 | D:2      | Found Zin's Purification Station.
  1618 | D:2      | Found a glowing silver altar of Zin.
  1676 | D:2      | Reached XP level 4. HP: 31/32 MP: 4/8
  2634 | D:3      | Noticed Tagedieb's ghost (amateur OpEn)
  3293 | D:3      | Killed Tagedieb's ghost
  3293 | D:3      | Reached skill level 6 in Necromancy
  3293 | D:3      | Gained mutation: When hurt, damage is shared between your health and your magic reserves. [demonic ancestry]
  3293 | D:3      | Reached XP level 5. HP: 11/37 MP: 9/9
  3775 | D:4      | Gained mutation: You regenerate magic rapidly. [demonic ancestry]
  3775 | D:4      | Reached XP level 6. HP: 33/43 MP: 10/10
  4142 | D:4      | Reached skill level 7 in Necromancy
  4603 | D:4      | Found a hazy altar of Hepliaklqana.
  4604 | D:4      | Found a sparkling altar of Nemelex Xobeh.
  4604 | D:4      | Found a glowing golden altar of the Shining One.
  5018 | D:5      | Entered Level 5 of the Dungeon
  5018 | D:5      | Noticed a sky beast
  5024 | D:5      | Killed a sky beast
  5024 | D:5      | Reached XP level 7. HP: 31/48 MP: 4/12
  5071 | D:4      | Learned a level 3 spell: Regeneration
  6075 | D:5      | Reached skill level 8 in Necromancy
  6434 | D:5      | Reached skill level 5 in Spellcasting
  6690 | D:5      | Reached XP level 8. HP: 54/57 MP: 16/16
  6881 | D:5      | Noticed Pikel
  6950 | D:5      | Killed Pikel
  7627 | D:6      | Noticed zeroDi's ghost (novice VSAs)
  7859 | D:6      | Found a glowing drain.
  7876 | Sewer    | Entered a sewer
  7891 | Sewer    | Noticed Purgy
  7912 | Sewer    | Killed Purgy
  7912 | Sewer    | Gained mutation: You have a pair of horns on your head. [demonic ancestry]
  7912 | Sewer    | Reached XP level 9. HP: 33/65 MP: 5/18
  8754 | D:6      | Killed zeroDi's ghost
  8754 | D:6      | Reached skill level 9 in Necromancy
  8833 | D:6      | Got a crystal great mace
  8839 | D:6      | Identified the +3 great mace of Excruciating Pain {venom, rF+} (You found it on level 6 of the Dungeon)
  9264 | D:7      | Found a staircase to the Ecumenical Temple.
  9269 | Temple   | Entered the Ecumenical Temple
  9325 | Temple   | Became a worshipper of Kikubaaqudgha
  9354 | D:7      | Noticed Duvessa
  9363 | D:7      | Noticed Dowan
  9374 | D:7      | Killed Duvessa
  9379 | D:7      | Killed Dowan
  9379 | D:7      | Reached skill level 5 in Fighting
 10078 | D:7      | Gained mutation: You are frail. (-10% HP) [potion of mutation]
 10078 | D:7      | Gained mutation: You have large cloven feet. [potion of mutation]
 10078 | D:7      | Gained mutation: You passively map a small area around you. [potion of mutation]
 10243 | D:8      | Got a scorched falchion
 10250 | D:8      | Identified the +3 falchion of Ceotorgh {freeze, *Contam rF+ Int+6 Dex+2} (You found it on level 8 of the Dungeon)
 10406 | D:8      | Gained mutation: You have an increased reservoir of magic. (+10% MP) [potion of mutation]
 10406 | D:8      | Gained mutation: You possess an exceptional clarity of mind. [potion of mutation]
 10587 | D:8      | Found Vuetis's Food Shoppe.
 10712 | D:8      | Noticed smzp's ghost (novice NaTm)
 10997 | D:8      | Found a shimmering altar of Xom.
 10997 | D:8      | Found a shimmering altar of Xom.
 10997 | D:8      | Found a shimmering altar of Xom.
 10998 | D:8      | Found a shimmering altar of Xom.
 10999 | D:8      | Found a shimmering altar of Xom.
 10999 | D:8      | Found a shimmering altar of Xom.
 11161 | D:8      | Noticed Maurice
 11345 | D:8      | Found a staircase to the Lair.
 12155 | D:8      | Reached * piety under Kikubaaqudgha
 12155 | D:8      | Identified Kikubaaqudgha's Guide on Dark Magic (Kikubaaqudgha gifted it to you on level 8 of the Dungeon)
 12155 | D:8      | Received a gift from Kikubaaqudgha
 12163 | D:8      | Learned a level 3 spell: Vampiric Draining
 12167 | D:8      | Learned a level 3 spell: Gell's Gravitas
 12445 | D:8      | Noticed a deep troll
 12481 | D:8      | Noticed an anaconda
 12482 | D:8      | Noticed a glowing orange brain
 12482 | D:8      | an anaconda changed into a glowing orange brain
 12756 | D:8      | Reached skill level 1 in Translocations
 12986 | D:8      | Noticed a deep troll
 12986 | D:8      | Noticed a troll
 12986 | D:8      | a soldier ant changed into a troll
 12998 | D:8      | Noticed a shining eye
 12998 | D:8      | a deep troll changed into a shining eye
 13229 | D:8      | Killed Maurice
 13229 | D:8      | Reached XP level 10. HP: 68/68 MP: 23/23
 13249 | D:8      | Learned a level 2 spell: Corpse Rot
 13254 | Lair:1   | Entered Level 1 of the Lair of Beasts
 13257 | Lair:1   | Noticed a spiny frog
 13269 | Lair:1   | Killed a spiny frog
 13795 | Lair:1   | Reached skill level 5 in Translocations
 13986 | D:9      | Noticed Psyche
 14021 | D:8      | Killed Psyche
 14373 | D:8      | Reached skill level 5 in Transmutations
 14966 | D:9      | Found Ywyufep's Armour Shoppe.
 15285 | D:9      | Found a staircase to the Orcish Mines.
 15392 | D:9      | Learned a level 4 spell: Petrify
 15397 | D:9      | Learned a level 4 spell: Ice Form
 15420 | D:9      | Reached ** piety under Kikubaaqudgha
 15598 | D:9      | Reached skill level 1 in Earth Magic
 15619 | D:9      | Reached skill level 1 in Ice Magic
 16282 | D:9      | Found a sacrificial altar of Ru.
 16300 | D:9      | Gained mutation: You have a pair of large horns on your head. [demonic ancestry]
 16300 | D:9      | Reached XP level 11. HP: 56/72 MP: 15/24
 16545 | Lair:1   | Reached skill level 1 in Hexes
 17172 | Lair:1   | Reached skill level 5 in Hexes
 17177 | Lair:1   | Learned a level 3 spell: Stone Arrow
 17381 | Lair:2   | Gained mutation: You have hoof-like feet. [potion of beneficial mutation]
 17392 | Lair:2   | Noticed a six-headed hydra
 17532 | Lair:2   | Killed a six-headed hydra
 17538 | Lair:2   | Noticed Nergalle
 17560 | Lair:1   | Reached skill level 5 in Earth Magic
 18104 | Lair:1   | Reached *** piety under Kikubaaqudgha
 18104 | Lair:1   | Identified Kikubaaqudgha's Disquisition on Black Arts (Kikubaaqudgha gifted it to you on level 1 of the Lair of Beasts)
 18104 | Lair:1   | Received a gift from Kikubaaqudgha
 18527 | Lair:2   | Found a staircase to the Snake Pit.
 18701 | Lair:2   | HP: 3/72 [komodo dragon (14)]
 18702 | Lair:2   | Slain by a komodo dragon

Skill      XL: |  1  2  3  4  5  6  7  8  9 10 11 |
---------------+----------------------------------+-----
Necromancy     | 1 2 4 6 7 8 9 |  9.8
Spellcasting   | 5 6 7 |  7.3
Fighting       | 2 4 6 |  6.0
Charms         | 3 |  3.1
Transmutations | 3 7 |  7.0
Translocations | 3 5 |  5.2
Earth Magic    | 3 6 |  6.5
Ice Magic      | 1 |  1.2
Hexes          | 5 |  5.0
Crossbows      | |  1.0
Throwing       | |  1.0
Armour         | |  1.0
Stealth        | |  1.0

Action                   |  1- 3 |  4- 6 |  7- 9 | 10-12 || total
-------------------------+-------+-------+-------+-------++-------
Melee: Dagger            |    88 |   112 |   408 |       ||   608
       Headbutt          |     6 |    19 |   102 |    60 ||   187
       Kick              |       |     2 |     2 |       ||     4
       Falchion          |       |       |   135 |   338 ||   473
 Cast: Pain              |    28 |    68 |   277 |   111 ||   484
       Beastly Appendage |       |     2 |     1 |       ||     3
       Regeneration      |       |       |     8 |    20 ||    28
       Gell's Gravitas   |       |       |     2 |    22 ||    24
       Vampiric Draining |       |       |       |    36 ||    36
       Corpse Rot        |       |       |       |     1 ||     1
       Stone Arrow       |       |       |       |    20 ||    20
       Petrify           |       |       |       |     4 ||     4
Invok: Receive Corpses   |       |       |       |     1 ||     1
Evoke: Wand              |       |       |     5 |       ||     5
  Use: Scroll            |     5 |     6 |    16 |     5 ||    32
       Potion            |       |       |     6 |     3 ||     9
 Stab: Sleeping          |     2 |     2 |       |       ||     4
       Petrified         |       |       |       |     8 ||     8
  Eat: Chunk             |     3 |    10 |    22 |    20 ||    55
       Beef jerky        |       |       |     2 |       ||     2
       Pizza             |       |       |     1 |     1 ||     2
       Bread ration      |       |       |     1 |       ||     1
Armor: Robe              |    12 |    43 |   170 |   175 ||   400
       Skin              |       |       |       |     1 ||     1
Dodge: Dodged            |    41 |    53 |   237 |   214 ||   545
Block: Buckler           |    18 |    23 |   188 |   185 ||   414
       Reflection        |       |       |     4 |     1 ||     5
       Rpst.: Falchion   |       |       |    18 |    55 ||    73
